 Dungeon Crawl Stone Soup version 0.19-a0-1886-gd64a0f0 (webtiles) character file.

19 Psiweapon the Sneak (level 2, 0/19 HPs)
             Began as a Vampire Enchanter on Oct 16, 2016.
             Succumbed to an adder's poison
             ... on level 1 of the Dungeon.
             The game lasted 00:03:07 (873 turns).

Psiweapon the Sneak (Vampire Enchanter)              Turns: 873, Time: 00:03:08

Health: 0/19       AC:  3    Str:  7    XL:     2   Next: 55%
Magic:  5/5        EV: 12    Int: 17    God:
Gold:   61         SH:  0    Dex: 14    Spells: 1 memorised, 4 levels left

rFire  . . .     SeeInvis +     n - +0 short sword
rCold  . . .     Gourm    .     b - +1 robe
rNeg   + . .     Faith    .     (no shield)
rPois  .         Spirit   .     (no helmet)
rElec  .         Dismiss  .     (no cloak)
rCorr  .         Reflect  .     (no gloves)
MR     .....     Harm     .     (no boots)
Stlth  +++.......               (no amulet)
                                (no ring)
                                (no ring)

@: lethally poisoned (0 -> -8)
A: fangs 3, see invisible, unbreathing
a: no special abilities


You were on level 1 of the Dungeon.
You were not thirsty.

You visited 1 branch of the dungeon, and saw 2 of its levels.

You collected 61 gold pieces.

Inventory:

Hand Weapons
 a - a +1 dagger
 l - a +0 whip
 n - a +0 short sword (weapon)
Missiles
 g - 25 stones
 k - a tomahawk (quivered)
Armour
 b - a +1 robe (worn)
Jewellery
 i - an uncursed amulet of guardian spirit
Scrolls
 e - a scroll of enchant armour {unknown}
 f - a scroll of teleportation {unknown}
 j - a scroll of identify {unknown}
 p - a scroll of remove curse {unknown}
Potions
 d - 11 potions of blood
 h - a potion of flight {unknown}
 m - a potion of curing {unknown}
 o - a potion of might {unknown}
Books
 c - a book of Maledictions

   Spells                             Type                      Level
   a - Corona                         Hexes                        1
   b - Ensorcelled Hibernation        Hexes/Ice                    2
   c - Confuse                        Hexes                        3
   d - Tukima's Dance                 Hexes                        3
   e - Dazzling Spray                 Conjuration/Hexes            3


   Skills:
 - Level 1.1 Short Blades
 - Level 2.1 Dodging
 + Level 5.5 Stealth
 - Level 2.0 Spellcasting
 + Level 4.8 Hexes


You had 4 spell levels left.
You knew the following spells:

 Your Spells              Type           Power        Failure   Level  Hunger
a - Corona                Hex            ###....      2%          1    #......


Dungeon Overview and Level Annotations

Branches:
Dungeon (2/15)

Altars:


Innate Abilities, Weirdness & Mutations

You have razor-sharp teeth.
You have supernaturally acute eyesight. (SInv)
You can survive without breathing.


Message History

You are poisoned.
The adder poisons you! The adder bites you but does no damage.
You closely miss the adder.
The adder is moderately wounded.
You feel sick. The adder bites you.
You are more poisoned.
The adder poisons you!
You miss the adder.
The adder is moderately wounded.
The adder barely misses you.
You hit the adder.
The adder is moderately wounded.
You feel sick. The adder completely misses you. The adder bites you.
* * * LOW HITPOINT WARNING * * *
You miss the adder.
The adder is moderately wounded.
The adder bites you.
* * * LOW HITPOINT WARNING * * *
It was a potion of magic.
Magic courses through your body.
You die...

.## #..# #......##....####.#
..###..#######.......###...##..#
...........................#..##
.####..#######....รท.....##...##
.# #..## #.......#########
######..######.......#
.#...#...............#
.'...+..####.........# .#...##.#
#.###@##### ###'###.# #.# #S#
.#...##.# ##.###.#
.#...##.###...##.#
.#...#........##.#
###'##...##...##.#
.#...##.......##.#
.#...##.##....##.#
.#...##.##.####


You could see an adder.

Vanquished Creatures
  A leopard gecko (D:1)
  3 bats (D:1)
  2 goblins (D:1)
  4 hobgoblins
  A jackal (D:1)
  2 frilled lizards (D:1)
  2 kobolds (D:1)
  2 rats (D:1)
17 creatures vanquished.

Notes
Turn   | Place    | Note
-------+----------+-------------------------------------------
     0 | D:1      | Psiweapon the Vampire Enchanter began the quest for the Orb.
     0 | D:1      | Reached XP level 1. HP: 13/13 MP: 3/3
   513 | D:1      | Reached skill level 5 in Stealth
   513 | D:1      | Reached XP level 2. HP: 16/19 MP: 3/5
   873 | D:1      | Succumbed to an adder's poison

Vault maps used:
D:1:      co_arrival_random_square_maze, nrook_mini_backslash
D:2:      zin_angel, minivault_23, uniq_robin, uniq_iyjb, uniq_jessica

Skill      XL: |  1 |
---------------+----+-----
Stealth        | 5 |  5.5
Short Blades   | |  1.1
Dodging        | |  2.1
Spellcasting   | |  2.0
Hexes          | |  4.8

Action                   || total
-------------------------++-------
Melee: Dagger            ||    15
       Short sword       ||    33
       Bite              ||     1
Throw: Stone             ||     3
       Tomahawk          ||     5
 Cast: Corona            ||    13
  Use: Potion            ||     1
 Stab: Sleeping          ||     3
Armor: Robe              ||    15
Dodge: Dodged            ||    35
